 Dungeon Crawl Stone Soup version 0.17-a0-1567-gdd419b1 (webtiles) character file.

219 carl the Sneak (level 5, -5/24 HPs)
             Began as a Spriggan Enchanter on July 22, 2015.
             Was a Believer of Makhleb.
             Slain by Menkaure (15 damage)
             ... on level 4 of the Dungeon.
             The game lasted 00:09:02 (4419 turns).

carl the Sneak (Spriggan Enchanter)                 Turns: 4419, Time: 00:09:02

Health: -5/24      AC:  3    Str:  4    XL:     5   Next: 63%
Magic:  1/10       EV: 18    Int: 17    God:    Makhleb [**....]
Gold:   155        SH:  0    Dex: 17    Spells: 3 memorised, 3 levels left

rFire  . . .     SeeInvis +     A - +0 rapier
rCold  + . .     Clarity  .     j - +1 robe {rC+}
rNeg   + . .     SustAt   .     (shield restricted)
rPois  .         Gourm    .     (helmet restricted)
rElec  .         Spirit   .     (no cloak)
rCorr  .         Warding  +     (gloves unavailable)
rMut   .         Stasis   .     (boots unavailable)
MR     .....                    y - amulet of warding
Stlth  ++++......               (no ring)
                                (no ring)

@: very slightly contaminated, hasted, very quick, not resistant to hostile
enchantments, stealthy
A: unfitting armour, see invisible, herbivore 3, speed 3, slow metabolism 2
a: Minor Destruction, Renounce Religion


You were on level 4 of the Dungeon.
You worshipped Makhleb.
Makhleb was pleased with you.
You were not hungry.

You visited 2 branches of the dungeon, and saw 6 of its levels.

You collected 155 gold pieces.

Inventory:

Hand weapons
 a - a +1 dagger
 p - a +0 short sword
 A - a +0 rapier (weapon)
Missiles
 e - 9 needles of slowing
 q - 16 poisoned needles
Armour
 j - a +1 robe of cold resistance (worn)
Jewellery
 y - an amulet of warding (around neck)
Scrolls
 g - a scroll of teleportation {unknown}
 h - a scroll of identify {unknown}
 l - 4 scrolls of remove curse {unknown}
 m - a scroll of amnesia {unknown}
 o - a scroll of enchant armour {unknown}
 s - 2 scrolls of fog {unknown}
 t - 2 scrolls of noise {unknown}
 v - a scroll of enchant weapon {unknown}
 x - a scroll of recharging {unknown}
Potions
 f - 3 potions of curing
 i - a potion of haste
 n - a potion of might {unknown}
 r - a potion of degeneration {unknown}
 u - a potion of heal wounds {unknown}
 w - 2 potions of poison {unknown}
 z - a potion of lignification {unknown}
Books
 c - a book of Maledictions

   Spells                             Type                      Level
   a - Corona                         Hexes                        1
   b - Ensorcelled Hibernation        Hexes/Ice                    2
   c - Confuse                        Hexes                        3
   d - Tukima's Dance                 Hexes                        3
   e - Dazzling Spray                 Conjuration/Hexes            3
Comestibles
 d - 4 bread rations


   Skills:
 + Level 4.5 Short Blades
 - Level 3.0 Dodging
 + Level 7.5 Stealth
 - Level 2.6 Spellcasting
 - Level 3.6 Hexes


You had 3 spell levels left.
You knew the following spells:

 Your Spells              Type           Power        Failure   Level  Hunger
a - Corona                Hex            ##.....      4%          1    #......
b - Ensorcelled Hibernat  Hex/Ice        #.....       17%         2    ##.....
c - Confuse               Hex            ##......     14%         3    ###....


Dungeon Overview and Level Annotations

Branches:
Dungeon (5/15)             Temple (1/1) D:4

Altars:
Cheibriados
Fedhas
Gozag
Makhleb
Okawaru
Trog
Zin

Annotations:
D:4 Menkaure


Innate Abilities, Weirdness & Mutations

You are tiny and cannot use many weapons and most armour.
You have supernaturally acute eyesight.
You are a herbivore.
You cover ground extremely quickly.
You need consume almost no food.


Message History

Press: ? - help, Shift-Dir - straight line, f/p - Menkaure
Aim: Menkaure (heavily damaged, fast, chance to defeat MR: 45%)
You miscast Confuse.
You are very lightly contaminated with residual magic.
You hear an indistinct dissonance whispering inside your mind.
Menkaure hits you.
Casting: Confuse
Confirm with . or Enter, or press ? or * to list all spells.
Aiming: Confuse
Press: ? - help, Shift-Dir - straight line, f/p - Menkaure
Aim: Menkaure (heavily damaged, fast, chance to defeat MR: 45%) Menkaure resists with some effort.
Menkaure hits you!
Ouch! That really hurt!
* * * LOW HITPOINT WARNING * * *
Drink which item? (? for menu, Esc to quit)
You feel better. Menkaure misses you.
Drink which item? (? for menu, Esc to quit)
It was a potion of haste.
You feel yourself speed up. Menkaure hits you!
Ouch! That really hurt!
You die...

#..# #.......###.# ####...#.#..
..## ##..........# ###.#.##. .##
##...##.#..########....### .#
#.#..#.##.......##....#.. .#
##.##.#......###..##.#.#.. .#
#..##.###....####.###..... .##
#.###.###.............(### ..###
#.# #.##...%.######....#
#...####.###.##.@...# #....###
###..<##.......M....######.......
# ###..#..##..##.................
##...####.##....#..#.#.#.#.#.
#####....## #.##....##.#.#.#.#.#.
..........###.########.#.#.#.#.#.
#######....##..# #.#.#.#.#.#.
##...###.# #.#.#.#.#.#. ###.###.#
#...........


You could see Menkaure.

Vanquished Creatures
  2 iguanas
  A worker ant (D:4)
  5 adders
  An ooze (D:2)
  5 worms
  6 giant geckos
  4 orcs (D:3)
  2 giant cockroaches
  10 goblins
  7 hobgoblins
  8 kobolds
  2 quokkas
  3 ball pythons
  6 bats
  5 giant newts
  4 rats
71 creatures vanquished.

Notes
Turn   | Place    | Note
--------------------------------------------------------------
     0 | D:1      | carl the Spriggan Enchanter began the quest for the Orb.
     0 | D:1      | Reached XP level 1. HP: 9/9 MP: 5/5
   392 | D:1      | Reached XP level 2. HP: 8/13 MP: 6/6
   676 | D:1      | Reached skill level 5 in Stealth
   913 | D:2      | Learned a level 2 spell: Ensorcelled Hibernation
   951 | D:2      | Found a burning altar of Makhleb.
   951 | D:2      | Noticed a blizzard demon
  1079 | D:2      | Reached XP level 3. HP: 11/16 MP: 8/8
  1372 | D:2      | Noticed an orange demon
  1372 | D:2      | Noticed a ynoxinul
  1374 | D:2      | Became a worshipper of Makhleb the Destroyer
  1381 | D:2      | Reached skill level 6 in Stealth
  2158 | D:3      | Reached XP level 4. HP: 21/21 MP: 9/9
  2208 | D:3      | Found a glowing silver altar of Zin.
  2211 | D:3      | Found an iron altar of Okawaru.
  2223 | D:3      | Found a bloodstained altar of Trog.
  2226 | D:3      | Found a snail-covered altar of Cheibriados.
  2540 | D:3      | Acquired Makhleb's first power
  2650 | D:3      | Found an opulent altar of Gozag.
  3253 | D:3      | Found a blossoming altar of Fedhas.
  3671 | D:4      | Reached skill level 7 in Stealth
  3671 | D:4      | Reached XP level 5. HP: 22/24 MP: 5/10
  3678 | D:4      | Learned a level 3 spell: Confuse
  3725 | D:4      | Found a staircase to the Ecumenical Temple.
  3735 | Temple   | Entered the Ecumenical Temple
  3803 | D:4      | Noticed Menkaure
  4032 | D:4      | Acquired Makhleb's second power
  4390 | D:5      | Entered Level 5 of the Dungeon
  4419 | D:4      | Slain by Menkaure

Vault maps used:
D:1:      dpeg_arrival_connections
D:2:      makhleb_altar_promises_db, first_bread
D:3:      lemuel_coloured_pillars_altar, overflow_temple_1_default,
          grunt_temple_overflow_cloverleaf
D:4:      minmay_temple_entry_statues_fountains, minmay_misc_feat_rows,
          uniq_menkaure
D:5:      lemuel_crystal_altar, uniq_sigmund, uniq_grinder, uniq_blork_the_orc,
          uniq_eustachio
Temple:   jpeg_temple_alley_garden_8

Action                   |  1- 3 |  4- 6 || total
-------------------------+-------+-------++-------
Melee: Dagger            |   112 |       ||   112
       Short sword       |    11 |   111 ||   122
       Rapier            |       |    14 ||    14
 Cast: Ensorcelled Hiber |     6 |    15 ||    21
       Confuse           |       |     2 ||     2
  Use: Potion            |       |     3 ||     3
 Stab: Sleeping          |    18 |    15 ||    33
       Distracted        |     1 |     2 ||     3
  Eat: Fruit             |       |     3 ||     3
